 Dungeon Crawl Stone Soup version 0.29-a0-700-g2f1814c7b2 (webtiles) character file.

Game seed: 8002882363152441781

406 gobodom the Digger (level 6, -4/35 HPs)
             Began as a Gargoyle Earth Elementalist on June 26, 2022.
             Was a Believer of Vehumet.
             Slain by an ogre
             ... wielding a +0 giant spiked club
              (14 damage)
             ... on level 4 of the Dungeon.
             The game lasted 00:20:21 (4753 turns).

gobodom the Digger (Gargoyle Earth Elementalist)    Turns: 4753, Time: 00:20:22

Health: -4/35      AC:  9    Str: 12    XL:     6   Next: 87%
Magic:  10/12      EV: 12    Int: 17    God:    Vehumet [**....]
Gold:   305        SH:  0    Dex: 10    Spells: 8/13 levels left

rFire   + . .      SeeInvis .   h - +0 dagger (venom)
rCold   . . .      Faith    +   (no shield)
rNeg    + . .      Spirit   .   a - +0 robe
rPois   ∞          Reflect  .   r - +0 helmet
rElec   +          Harm     .   g - +1 cloak
rCorr   .          Rampage  .   (no gloves)
Will    .....                   (no boots)
Stlth   ++........              d - amulet of faith
HPRegen 0.11/turn               k - ring of protection from fire
MPRegen 0.13/turn               (no ring)

@: no status effects
A: sickness immunity, AC +4, negative energy resistance 1, electricity
resistance, torment resistance 1, petrification resistance
a: Renounce Religion


You were on level 4 of the Dungeon.
You worshipped Vehumet.
Vehumet was pleased with you.
You visited 1 branch of the dungeon, and saw 4 of its levels.

You collected 305 gold pieces.

Inventory:

Hand Weapons
 h - a +0 dagger of venom (weapon)
Armour
 a - a +0 robe (worn)
 g - a +1 cloak (worn)
 r - a +0 helmet (worn)
Jewellery
 d - an amulet of faith (around neck)
 k - a ring of protection from fire (left hand)
Wands
 q - a wand of flame (15)
 s - a wand of mindburst (6)
Scrolls
 c - 4 scrolls of teleportation {unknown}
 e - 2 scrolls of immolation {unknown}
 f - 8 scrolls of identify {unknown}
 l - a scroll of magic mapping {unknown}
 o - a scroll of vulnerability {unknown}
 p - a scroll of fog {unknown}
Potions
 b - a potion of magic
 i - 3 potions of flight {unknown}
 j - 2 potions of heal wounds {unknown}
 m - a potion of haste {unknown}
 n - a potion of mutation {unknown}
 t - a potion of brilliance {unknown}


   Skills:
 + Level 1.8 Fighting
 + Level 0.9 Short Blades
 + Level 2.1 Dodging
 + Level 2.9 Stealth
 + Level 4.2 Spellcasting
 * Level 1.4 Conjurations
 + Level 0.7 Transmutations
 + Level 5.8 Earth Magic


You had 8 spell levels left.
You knew the following spells:

 Your Spells              Type           Power      Damage    Failure   Level
a - Sandblast             Erth           46%        2d11      1%          1
b - Magic Dart            Conj           32%        1d4       9%          1
c - Ignite Poison         Fire/Tmut/Pois 4%         N/A       38%         3

Your spell library contained the following spells:

 Spells                   Type           Power      Damage    Failure   Level
 Passwall                 Tmut/Erth      11%        N/A       6%          2
 Stone Arrow              Conj/Erth      30%        3d8       11%         3
 Sting                    Tmut/Pois      16%        1d3       14%         1
 Poisonous Vapours        Pois/Air       6%         N/A       24%         2
 Petrify                  Tmut/Erth      14%        N/A       38%         4
 Olgreb's Toxic Radiance  Pois           3%         N/A       83%         4


Dungeon Overview and Level Annotations

Branches:
Dungeon (4/15)             Temple (0/1) D:4

Altars:
Ashenzari
Vehumet


Innate Abilities, Weirdness & Mutations

You are immune to sickness and miasma.
Your stone body is resilient. (AC +4)
You are immune to poison.
You resist negative energy. (rN+)
You are resistant to electric shocks. (rElec)
You are resistant to unholy torment.
You are immune to petrification.


Message History

Found a leather armour.
Found 2 poisoned darts.
You now have 305 gold pieces (gained 16).
A ball python and an ogre come into view.
Found a short runed staff.
Casting: Sandblast (safe; 1% risk of failure)
Confirm with . or Enter, or press ? or * to list all spells.
Aiming: Sandblast (safe; 1% risk of failure)
Press: ? - help, Shift-Dir - straight line, f - ogre
Aim: an ogre, wielding a +0 giant spiked club (asleep, 100% to hit)
The blast of sand hits the ogre.
The ogre is lightly wounded.
The ogre shouts!
The ogre barely misses you.
Casting: Sandblast (safe; 1% risk of failure)
Confirm with . or Enter, or press ? or * to list all spells.
Aiming: Sandblast (safe; 1% risk of failure)
Press: ? - help, Shift-Dir - straight line, f/p - ogre
Aim: an ogre, wielding a +0 giant spiked club (lightly wounded, 91% to hit)
The blast of sand hits the ogre!
The ogre is severely wounded.
The ogre hits you with a +0 giant spiked club!!
Ouch! That really hurt!
* * * LOW HITPOINT WARNING * * *
Casting: Sandblast (safe; 1% risk of failure)
Confirm with . or Enter, or press ? or * to list all spells.
Aiming: Sandblast (safe; 1% risk of failure)
Press: ? - help, Shift-Dir - straight line, f/p - ogre
Aim: an ogre, wielding a +0 giant spiked club (severely wounded, 91% to hit)
The blast of sand misses the ogre.
The ogre barely misses you. The ogre closely misses you.
You hit the ogre but do no damage.
The ogre is severely wounded.
You hit the ogre.
The ogre is poisoned.
The ogre is severely wounded.
The ogre barely misses you.
You hit the ogre.
The ogre looks as sick as possible!
The ogre is severely wounded.
The ogre hits you with a +0 giant spiked club!
You die...

# ## ###
#.###.############.#
#........(........#
#.................##
....#@.............#
.....SO#########....##
..".... ####..##
......# ##..## ......
###.# .....# ##. .....
## ...|# #


You could see an ogre (extremely poisoned) and a ball python.

Vanquished Creatures
  Duvessa (D:4)
  Dowan (D:4)
  A hound (D:3)
  An orc priest (D:4)
  Robin (D:4)
  3 adders (D:3)
  A gnoll (D:4)
  2 worms (D:3)
  3 dart slugs
  9 orcs
  12 bats
  6 endoplasms
  5 giant cockroaches
  21 goblins
  12 hobgoblins
  9 jackals
  4 kobolds
  5 quokkas
  13 ball pythons
  2 frilled lizards
  10 rats
122 creatures vanquished.

Vanquished Creatures (others)
  8 plants (D:2)
8 creatures vanquished.

Grand Total: 130 creatures vanquished

Notes
Turn   | Place    | Note
-------+----------+-------------------------------------------
     0 | D:1      | gobodom the Gargoyle Earth Elementalist began the quest for
                  | the Orb.
     0 | D:1      | Reached XP level 1. HP: 10/10 MP: 3/3
   133 | D:1      | Reached XP level 2. HP: 12/15 MP: 0/5
   582 | D:1      | Reached XP level 3. HP: 19/19 MP: 4/6
   583 | D:1      | Reached skill level 4 in Earth Magic
  1134 | D:2      | Found a radiant altar of Vehumet.
  1142 | D:2      | Became a worshipper of Vehumet
  1562 | D:2      | Reached XP level 4. HP: 17/24 MP: 0/8
  1781 | D:2      | Reached * piety under Vehumet
  1781 | D:2      | Offered knowledge of Freeze by Vehumet.
  2041 | D:3      | Found a broken altar of Ashenzari.
  2519 | D:3      | Reached XP level 5. HP: 23/28 MP: 3/9
  2755 | D:3      | Reached skill level 5 in Earth Magic
  3055 | D:3      | Offered knowledge of Magic Dart by Vehumet.
  3165 | D:3      | Reached ** piety under Vehumet
  3177 | D:3      | Learned a level 1 spell: Magic Dart
  3416 | D:4      | Noticed Duvessa
  3417 | D:4      | Noticed Dowan
  3470 | D:4      | Found a staircase to the Ecumenical Temple.
  3653 | D:4      | Offered knowledge of Ignite Poison by Vehumet.
  3666 | D:4      | Learned a level 3 spell: Ignite Poison
  3672 | D:4      | Noticed Robin
  3676 | D:4      | Killed Robin
  4165 | D:3      | Reached skill level 1 in Fighting
  4320 | D:4      | Reached XP level 6. HP: 21/35 MP: 11/11
  4453 | D:4      | Reached *** piety under Vehumet
  4556 | D:4      | Killed Duvessa
  4557 | D:4      | Reached skill level 1 in Conjurations
  4557 | D:4      | Killed Dowan
  4753 | D:4      | Slain by an ogre

Illustrated notes

Levels and vault maps discovered:
D:1:      minmay_arrival_pointy, layout_loops_ring
D:2:      layout_loops_ring, basic_altar, serial_bayou_lagoon_b
D:3:      layout_basic, nicolae_overflow_crystal_walls, minmay_mini_jars
D:4:      layout_cave_pods, minmay_temple_entry_slanted, minmay_close_crescents,
          uniq_duvessa, uniq_eustachio, uniq_robin

Skill      XL: |  1  2  3  4  5  6 |
---------------+-------------------+-----
Earth Magic    | 4 5 |  5.8
Spellcasting   | 3 4 |  4.2
Fighting       | 1 |  1.8
Dodging        | 2 |  2.1
Conjurations   | 1 |  1.4
Short Blades   | |  0.9
Stealth        | |  2.9
Transmutations | |  0.7

Action                   |  1- 3 |  4- 6 || total
-------------------------+-------+-------++-------
Melee: Dagger            |    27 |    53 ||    80
       Punch             |       |     2 ||     2
 Cast: Sandblast         |    61 |    87 ||   148
       Magic Dart        |       |    53 ||    53
Evoke: Wand              |       |     1 ||     1
Armor: Robe              |    24 |    79 ||   103
Dodge: Dodged            |    52 |   110 ||   162

Table legend: (Time is in decaauts)
 A = Elapsed time spent in this place.
 B = Non-inter-level travel time spent in this place.
 C = Inter-level travel time spent in this place.
 D = Time resting spent in this place.
 E = Time spent auto-exploring this place.
 F = Levels seen in this place.
 G = Mean time per level.
                   A        B        C        D        E       F      G
               +--------+--------+--------+--------+--------+-----+--------+
         Total |   4918 |   4918 |      0 |    555 |   3088 |   4 | 1229.5 |
       Dungeon |   4918 |   4918 |      0 |    555 |   3088 |   4 | 1229.5 |
               +--------+--------+--------+--------+--------+-----+--------+

Top non-repeatable levels by time:
     D:3: 1815 daAuts
     D:1: 1076 daAuts
     D:2: 1037 daAuts
     D:4: 990 daAuts
